 Dungeon Sprint DCSS version 0.31-a0-620-gd1cbd99268 (webtiles) character file.

Game seed: 17498632214848538397

45 zazu2006 the Ducker (level 3, -1/27 HPs)
             Began as a Gnoll Wanderer on Aug 23, 2023.
             Slain by a white imp (3 damage)
             ... in the Dungeon (Sprint IX: "|||||||||||||||||||||||||||||").
             The game lasted 00:00:50 (79 turns).

zazu2006 the Ducker (Gnoll Wanderer)                  Turns: 79, Time: 00:00:50

Health: -1/27      AC:  3    Str: 11    XL:     3   Next: 64%
Magic:  9/9        EV: 15    Int:  8    God:
Gold:   0          SH:  0    Dex: 16    Spells: 11/12 levels left

rFire   . . .        a - +0 dagger
rCold   . . .        (no shield)
rNeg    . . .        e - +0 leather armour
rPois   .            (no helmet)
rElec   .            (no cloak)
rCorr   .            (no gloves)
SInv    .            (no boots)
Will    .....        (no amulet)
Stlth   ++           (no ring)
HPRegen 0.24/turn    (no ring)
MPRegen 0.11/turn

%: no teleportation
@: on berserk cooldown, slowed, very slow
A: fangs 1, strong nose, distributed training
a: no special abilities


You were in the Dungeon.
You visited 1 branch

Inventory:

Hand Weapons
 a - a +0 dagger (weapon)
Missiles
 b - 3 throwing nets (quivered)
Armour
 e - a +0 leather armour (worn)
Scrolls
 k - a scroll of blinking
Potions
 c - a potion of attraction
 f - a potion of curing
 h - a potion of haste
 i - 2 potions of magic


   Skills:
 + Level 2.2 Fighting
 + Level 2.2 Short Blades
 + Level 2.2 Long Blades
 + Level 2.2 Axes
 + Level 2.2 Maces & Flails
 + Level 2.2 Polearms
 + Level 2.2 Staves
 + Level 2.2 Ranged Weapons
 + Level 2.2 Throwing
 + Level 3.4 Armour
 + Level 6.9 Dodging
 + Level 3.2 Stealth
 + Level 2.2 Shields
 + Level 2.2 Unarmed Combat
 + Level 5.4 Spellcasting
 + Level 1.7 Conjurations
 + Level 1.7 Hexes
 + Level 1.7 Summonings
 + Level 1.7 Necromancy
 + Level 5.7 Translocations
 + Level 1.7 Transmutations
 + Level 1.7 Fire Magic
 + Level 1.7 Ice Magic
 + Level 1.7 Air Magic
 + Level 1.7 Earth Magic
 + Level 1.7 Poison Magic
 + Level 2.4 Invocations
 + Level 2.2 Evocations
 + Level 2.0 Shapeshifting


You had 11 spell levels left.
You knew the following spells:

 Your Spells              Type           Power      Damage    Failure   Level
a - Apportation           Tloc           22%        N/A       3%          1

Your spell library contained the following spells:

 Spells                   Type           Power      Damage    Failure   Level
 Gell's Gravitas          Tloc           11%        N/A       9%          3


Dungeon Overview and Level Annotations

Branches:
Dungeon (1/1)

Altars:


Innate Abilities, Weirdness & Mutations

You have very sharp teeth.
Your uncanny sense of smell can sniff out nearby items.
Your experience applies equally to all skills.


Message History

The white imp is lightly wounded.
The white imp hits you but does no damage.
The white imp closely misses you.
You hit the white imp.
You bite the white imp, but do no damage.
The white imp is moderately wounded.
The white imp hits you.
* * * LOW HITPOINT WARNING * * *
The white imp freezes you.
* * * LOW HITPOINT WARNING * * *
Unknown command.
You hit the white imp but do no damage.
The white imp is moderately wounded.
The white imp misses you.
You hit the white imp but do no damage.
The white imp is moderately wounded.
The white imp barely misses you. The white imp gestures at you.
The puff of frost misses you.
You closely miss the white imp. Your punch misses the white imp.
The white imp is moderately wounded.
The white imp hits you but does no damage.
You hit the white imp but do no damage.
The white imp is moderately wounded.
The white imp completely misses you.
You hit the white imp. Your bite misses the white imp.
The white imp is moderately wounded.
The white imp misses you. The white imp closely misses you.
You barely miss the white imp.
The white imp is moderately wounded.
The white imp closely misses you.
You hit the white imp but do no damage.
The white imp is moderately wounded.
The white imp closely misses you.
You hit the white imp.
The white imp is severely wounded.
The white imp misses you. The white imp hits you.
* * * LOW HITPOINT WARNING * * *
The white imp freezes you.
You die...

▓.▓
▓.▓
▓'▓
▓)▓
▓.▓
▓.▓
∆
▓.▓
∆
▓.▓
∆
▓@▓
∆
▓5▓
∆
▓J▓
∆
▓.▓
∆
▓.▓
∆
▓.▓
∆
▓+▓
∆ ∆


You could see a jelly and a white imp.

Vanquished Creatures
  A hound (D)
  A gnoll (D)
  An endoplasm (D)
  A goblin (D)
  A jackal (D)
  2 ball pythons (D)
  A rat (D)
8 creatures vanquished.

Notes
Turn   | Place    | Note
-------+----------+-------------------------------------------
     0 | D        | zazu2006 the Gnoll Wanderer began the quest for the Orb.
     0 | D        | zazu2006 set off with the following items: a +0 dagger, 3
                  | throwing nets, a potion of attraction, a scroll of
                  | summoning, a +0 leather armour, a potion of curing, a
                  | potion of heal wounds, a potion of haste, 2 potions of
                  | magic, a potion of berserk rage, a scroll of blinking; and
                  | the following spell memorised: Apportation; and the
                  | following spells available to memorise: Gell's Gravitas.
     0 | D        | Reached XP level 1. HP: 13/13 MP: 6/6
    19 | D        | Reached skill level 5 in Spellcasting
    27 | D        | Reached skill level 1 in Invocations
    40 | D        | Noticed a hound
    40 | D        | Noticed a jelly
    48 | D        | Reached skill level 1 in Fighting
    48 | D        | Reached skill level 1 in Short Blades
    48 | D        | Reached skill level 1 in Long Blades
    48 | D        | Reached skill level 1 in Axes
    48 | D        | Reached skill level 1 in Maces & Flails
    48 | D        | Reached skill level 1 in Polearms
    48 | D        | Reached skill level 1 in Staves
    48 | D        | Reached skill level 1 in Ranged Weapons
    48 | D        | Reached skill level 1 in Throwing
    48 | D        | Reached skill level 1 in Shields
    48 | D        | Reached skill level 1 in Unarmed Combat
    48 | D        | Reached skill level 1 in Conjurations
    48 | D        | Reached skill level 1 in Hexes
    48 | D        | Reached skill level 1 in Summonings
    48 | D        | Reached skill level 1 in Necromancy
    48 | D        | Reached skill level 1 in Transmutations
    48 | D        | Reached skill level 1 in Fire Magic
    48 | D        | Reached skill level 1 in Ice Magic
    48 | D        | Reached skill level 1 in Air Magic
    48 | D        | Reached skill level 1 in Earth Magic
    48 | D        | Reached skill level 1 in Poison Magic
    48 | D        | Reached skill level 1 in Evocations
    48 | D        | Reached skill level 1 in Shapeshifting
    48 | D        | Reached XP level 2. HP: 19/21 MP: 8/8
    58 | D        | Reached XP level 3. HP: 18/27 MP: 9/9
    79 | D        | Slain by a white imp

Illustrated notes

Levels and vault maps discovered:
D:        linesprint [early_d, line_temple, items_1, d_10, items_2, lair_1,
          lair_end, items_3, orc_1, orc_end, items_4, d_15, swamp_1, shoals_1,
          snake_1, spider_1, d_20, vaults_1, items_5, swamp_end, shoals_end,
          snake_end, spider_end, vaults_end, d_27, items_6, zot_1, zot_end,
          crypt_end, forest_end, elf_end, slime_end, tomb_end, abyss_end,
          pan_hell_end]

Skill      XL: |  1  2 |
---------------+-------+-----
Spellcasting   | 5 |  5.4
Invocations    | 1 2 |  2.4
Fighting       | 1 2 |  2.2
Short Blades   | 1 2 |  2.2
Long Blades    | 1 2 |  2.2
Axes           | 1 2 |  2.2
Maces & Flails | 1 2 |  2.2
Polearms       | 1 2 |  2.2
Staves         | 1 2 |  2.2
Ranged Weapons | 1 2 |  2.2
Throwing       | 1 2 |  2.2
Shields        | 1 2 |  2.2
Unarmed Combat | 1 2 |  2.2
Conjurations   | 1 |  1.7
Hexes          | 1 |  1.7
Summonings     | 1 |  1.7
Necromancy     | 1 |  1.7
Transmutations | 1 |  1.7
Fire Magic     | 1 |  1.7
Ice Magic      | 1 |  1.7
Air Magic      | 1 |  1.7
Earth Magic    | 1 |  1.7
Poison Magic   | 1 |  1.7
Evocations     | 1 2 |  2.2
Shapeshifting  | 1 2 |  2.0
Armour         | 3 |  3.4
Stealth        | 3 |  3.2
Dodging        | |  6.9
Translocations | |  5.7

Action                     || total
---------------------------++-------
  Melee: Dagger            ||    53
         Bite              ||     4
    Use: Potion            ||     2
         Scroll            ||     1
 Armour: Leather armour    ||    11
  Dodge: Dodged            ||    43

Table legend: (Time is in decaauts)
 A = Elapsed time spent in this place.
 B = Non-inter-level travel time spent in this place.
 C = Inter-level travel time spent in this place.
 D = Time resting spent in this place.
 E = Time spent auto-exploring this place.
 F = Levels seen in this place.
 G = Mean time per level.
                   A        B        C        D        E       F      G
               +--------+--------+--------+--------+--------+-----+--------+
         Total |     79 |     79 |      0 |      8 |      0 |   1 |   79.0 |
       Dungeon |     79 |     79 |      0 |      8 |      0 |   1 |   79.0 |
               +--------+--------+--------+--------+--------+-----+--------+

Top non-repeatable levels by time:
       D: 79 daAuts
